 Dungeon Crawl Stone Soup version 0.27.1-2-g3b301248ec (webtiles) character file.

Game seed: 884059137343359580

42 Descartes the Sneak (level 3, 0/20 HPs)
             Began as a Spriggan Wanderer on Oct 1, 2021.
             Slain by a hobgoblin (4 damage)
             ... on level 2 of the Dungeon.
             The game lasted 00:04:06 (1375 turns).

Descartes the Sneak (Spriggan Wanderer)             Turns: 1375, Time: 00:04:06

Health: 0/20       AC:  2    Str:  9    XL:     3   Next: 35%
Magic:  4/4        EV: 17    Int: 15    God:
Gold:   11         SH:  0    Dex: 12    Spells: 0/2 levels left

rFire    . . .     SeeInvis +   f - +0 dagger
rCold    . . .     Faith    .   (shield restricted)
rNeg     . . .     Spirit   .   c - +0 robe
rPois    .         Reflect  .   (helmet restricted)
rElec    .         Harm     .   (no cloak)
rCorr    .         Rampage  .   (gloves unavailable)
Will     .....                  (boots unavailable)
Stlth    ++........             (no amulet)
HPRegen  0.06/turn              (no ring)
MPRegen  0.09/turn              (no ring)

@: very quick
A: very small, no large weapons, unfitting armour, see invisible, speed 3
a: no special abilities


You were on level 2 of the Dungeon.
You visited 1 branch of the dungeon, and saw 2 of its levels.

You collected 11 gold pieces.

Inventory:

Hand Weapons
 a - a +0 shortbow
 e - a +0 spear
 f - a +0 dagger (weapon)
Missiles
 b - a throwing net (quivered)
 d - 27 arrows
 g - 87 stones
 h - 39 bolts
 j - 7 sling bullets
Armour
 c - a +0 robe (worn)
Jewellery
 q - a +4 ring of protection
Scrolls
 m - a scroll of noise {unknown}
 p - a scroll of vulnerability {unknown}
Potions
 i - a potion of lignification {unknown}
 k - a potion of cancellation {unknown}
 l - a potion of heal wounds {unknown}
 n - a potion of degeneration {unknown}
 o - a potion of magic {unknown}


   Skills:
 - Level 3.2 Fighting
 + Level 1.3 Short Blades
 - Level 1.0 Polearms
 + Level 1.6 Bows
 + Level 3.9 Dodging
 + Level 3.9 Stealth
 + Level 0.2 Spellcasting


You couldn't memorise any spells.
You knew the following spells:

 Your Spells              Type           Power      Damage    Failure   Level
a - Ensorcelled Hibernat  Hex/Ice        0%         N/A       38%         2

Your spell library contained the following spells:

 Spells                   Type           Power      Damage    Failure   Level
 Corona                   Hex            0%         N/A       26%         1
 Tukima's Dance           Hex            0%         N/A       63%         3


Dungeon Overview and Level Annotations

Branches:
Dungeon (2/15)

Altars:

Shops:
D:1 (!=*(   D:2 *


Innate Abilities, Weirdness & Mutations

You are very small and have problems with some larger weapons.
You are too small for most types of armour.
You have supernaturally acute eyesight. (SInv)
You cover ground extremely quickly. (Speed+++)


Message History

The ball python struggles against the net.
There are monsters nearby!
You are too injured to fight recklessly!
The ball python struggles against the net.
The net rips apart, and the ball python comes free!
You hit the ball python but do no damage.
The ball python bites you. The ball python grabs you.
The ball python constricts you. The ball python barely misses you.
The ball python constricts you.
You closely miss the ball python. The ball python closely misses you.
The ball python constricts you.
You hit the ball python.
The ball python is heavily wounded.
The ball python bites you but does no damage.
The ball python constricts you.
You hit the ball python.
You kill the ball python!
You hit the goblin.
The goblin is severely wounded.
The goblin hits you but does no damage.
You hit the goblin.
You kill the goblin!
Things that are here:
a +0 dagger; a ball python corpse A hobgoblin comes into view.
You are too injured to fight recklessly!
You are too injured to fight recklessly!
You are too injured to fight recklessly!
A jackal comes into view.
You barely miss the hobgoblin. The hobgoblin hits you.
* * * LOW HITPOINT WARNING * * *
You barely miss the hobgoblin. The hobgoblin completely misses you.
You hit the hobgoblin but do no damage. The hobgoblin completely misses you.
You hit the hobgoblin.
The hobgoblin is heavily wounded.
The hobgoblin misses you.
You hit the hobgoblin.
The hobgoblin is severely wounded.
The hobgoblin hits you.
You die...

#............
#..........
#...h>.(. . ♣♣
#..((# .♣♣P♣
#....# ... ###.(#
P.. #.###..#
####.##. #....g.#
#...... #####@##
#.##.### #.#
#######....†..
#######
#.###..........##.
......#
#.....##..#.##.##.
#####.#
#####.#........##.
...##.#
#.......##.##.
##.##.###
#.#...#.#.....
........#
#.....#.......
#######.#######
##..........##


You could see a jackal (wandering) and a hobgoblin.

Vanquished Creatures
  A dart slug (D:2)
  6 ball pythons
  5 endoplasms
  3 goblins
  5 hobgoblins
  2 jackals (D:2)
  3 quokkas (D:1)
  A bat (D:1)
  3 frilled lizards
  3 kobolds (D:2)
  5 rats
37 creatures vanquished.

Vanquished Creatures (others)
  2 plants (D:2)
2 creatures vanquished.

Grand Total: 39 creatures vanquished

Notes
Turn   | Place    | Note
-------+----------+-------------------------------------------
     0 | D:1      | Descartes the Spriggan Wanderer began the quest for the
                  | Orb.
     0 | D:1      | Descartes set off with the following items: a +0 shortbow,
                  | 3 throwing nets, a +0 robe, 28 arrows, a +0 spear, a +0
                  | dagger
     0 | D:1      | Reached XP level 1. HP: 12/12 MP: 2/2
   206 | D:1      | Found Veamig's Weapon Emporium.
   274 | D:1      | Reached XP level 2. HP: 16/16 MP: 3/3
   289 | D:1      | Reached skill level 1 in Bows
   398 | D:1      | Found Wekla's Antique Weapon Emporium.
   441 | D:1      | Found Ucac's General Store.
   462 | D:1      | Found Hezxof's Distillery.
   478 | D:1      | Found Riorokho's Jewellery Emporium.
   507 | D:1      | Reached skill level 1 in Short Blades
   947 | D:2      | Found Lulleph's General Store.
  1124 | D:2      | Reached XP level 3. HP: 20/20 MP: 4/4
  1295 | D:2      | Learned a level 2 spell: Ensorcelled Hibernation
  1375 | D:2      | Slain by a hobgoblin

Illustrated notes

Levels and vault maps discovered:
D:1:      tarquinn_simple_flora_water_d, layout_loops_cross, serial_shops, shop,
          shop_statue, shop, nicolae_shop_window_shopping,
          nicolae_shop_window_shopping, item_on_display_a
D:2:      layout_loops_cross, serial_forest, infiniplex_forest_diagonal,
          infiniplex_forest_clump_double, infiniplex_forest_straight_5,
          infiniplex_forest_clump_long, infiniplex_forest_split, serial_shops,
          shop

Skill      XL: |  1  2 |
---------------+-------+-----
Bows           | 1 |  1.6
Short Blades   | 1 |  1.3
Fighting       | |  3.2
Polearms       | |  1.0
Dodging        | |  3.9
Stealth        | |  3.9
Spellcasting   | |  0.2

Action                   || total
-------------------------++-------
Melee: Dagger            ||    11
 Fire: Shortbow          ||    86
Throw: Throwing net      ||     2
Armor: Robe              ||     5
Dodge: Dodged            ||    27
